XFBL
PITTSBURGH PIRATES @ ST. LOUIS CARDINALS
04/12/1982
 
TOP OF THE 1ST
Pittsburgh Pirates batting - Pitching for St. Louis Cardinals : LHP Steve Carlton
Pitching: LHP Steve Carlton
Batting: RHB Dan Gladden 0-0: Called Strike
0-1: DOUBLE (Line Drive, 7LS, EV 88.8 MPH)
Batting: SHB Chili Davis 0-0: Ball
1-0: Bunt missed!
1-1: Bunted foul
1-2: Ground out 4-3 (Groundball, 4M, EV 88.1 MPH)
Dan Gladden to third
Batting: RHB Rennie Stennett 0-0: Ball
1-0: Ball
2-0: Ball
3-0: Base on Balls
Batting: LHB Robert Lopez 0-0: Ball
1-0: Called Strike
1-1: DOUBLE (Groundball, 3L, EV 95.0 MPH)
Dan Gladden scores
Rennie Stennett to third
Runner from 3rd tries for Home, SAFE, throw by RF to trailing runner, SAFE at third!
Batting: LHB Greg Walker 0-0: Ball
1-0: Foul Ball, location: 2F
1-1: Ball
2-1: Ground out 6-3 (Groundball, 6S, EV 89.4 MPH)
Robert Lopez scores
Batting: RHB Mike C Brown 0-0: Called Strike
0-1: Foul Ball, location: 2F
0-2: Ball
1-2: Fly out, F9 (Line Drive, 9, EV 95.6 MPH)
Top of the 1st over - 3 runs, 2 hits, 0 errors, 0 left on base; Pittsburgh 3 - St. Louis 0
BOTTOM OF THE 1ST
St. Louis Cardinals batting - Pitching for Pittsburgh Pirates : RHP Jose Vasquez
Pitching: RHP Jose Vasquez
Batting: SHB Otis Nixon 0-0: Called Strike
0-1: Ball
1-1: Ball
2-1: Called Strike
2-2: Ball
3-2: Base on Balls
Batting: LHB Jim Gantner 0-0: Called Strike
0-1: Foul Ball, location: 2F
0-2: Foul Ball, location: 2F
0-2: Fly out, F7 (Flyball, 7S, EV 88.8 MPH)
Batting: RHB Sixto Lezcano 0-0: Foul Ball, location: 2F
0-1: SINGLE (Groundball, 34D, EV 96.9 MPH)
Otis Nixon to second
Runner from 2nd tries for 3rd, SAFE, throw by RF made to third
Batting: LHB Pat Putnam 0-0: Hit by Pitch
Sixto Lezcano to second
Batting: RHB Joe Torre 0-0: Ball
1-0: Called Strike
1-1: Fly out, F4 (Popup, 4MD, EV 59.4 MPH)
Batting: LHB Mike Davis 0-0: Called Strike
0-1: Ball
1-1: Fly out, F8 (Flyball, 78D, EV 101.3 MPH)
Bottom of the 1st over - 0 runs, 1 hit, 0 errors, 3 left on base; Pittsburgh 3 - St. Louis 0
TOP OF THE 2ND
Pittsburgh Pirates batting - Pitching for St. Louis Cardinals : LHP Steve Carlton
Batting: SHB John Shelby 0-0: Ball
1-0: Swinging Strike
1-1: Foul Ball, location: 2F
1-2: Ball
2-2: Foul Ball, location: 2F
2-2: Foul Ball, location: 2F
2-2: Strikes out swinging
Batting: SHB Ron Oester 0-0: Ball
1-0: Swinging Strike
1-1: Foul Ball, location: 2F
1-2: Ground out 4-3 (Groundball, 4, EV 83.1 MPH)
Batting: RHB Jose Vasquez 0-0: Ball
1-0: Ball
2-0: Ball
3-0: Called Strike
3-1: Fly out, F4 (Popup, 4MS, EV 65.0 MPH)
Top of the 2nd over - 0 runs, 0 hits, 0 errors, 0 left on base; Pittsburgh 3 - St. Louis 0
BOTTOM OF THE 2ND
St. Louis Cardinals batting - Pitching for Pittsburgh Pirates : RHP Jose Vasquez
Batting: RHB Bob Watson 0-0: Called Strike
0-1: Ball
1-1: Ball
2-1: Fly out, F9 (Flyball, 89M, EV 80.0 MPH)
Batting: SHB Billy E Smith 0-0: Ball
1-0: SINGLE (Groundball, 34D, EV 96.3 MPH)
Batting: LHB Steve Carlton 0-0: Sac Bunt to 2L - play at first, batter OUT! 2-4
Billy E Smith to second
Batting: SHB Otis Nixon 0-0: Ball
1-0: Called Strike
1-1: 2-RUN HOME RUN (Flyball, 9D, EV 104.4 MPH), Distance : 374 ft
Batting: LHB Jim Gantner 0-0: Fly out, F7 (Flyball, 78S, EV 70.6 MPH)
Bottom of the 2nd over - 2 runs, 2 hits, 0 errors, 0 left on base; Pittsburgh 3 - St. Louis 2
TOP OF THE 3RD
Pittsburgh Pirates batting - Pitching for St. Louis Cardinals : LHP Steve Carlton
Batting: RHB Dan Gladden 0-0: Called Strike
0-1: Ground out 5-3 (Groundball, 5S, EV 75.0 MPH)
Batting: SHB Chili Davis 0-0: Ball
1-0: Called Strike
1-1: Ball
2-1: Ball
3-1: Fly out, F7 (Line Drive, 7, EV 86.9 MPH)
Batting: RHB Rennie Stennett 0-0: Ground out 5-3 (Groundball, 56, EV 85.0 MPH)
Top of the 3rd over - 0 runs, 0 hits, 0 errors, 0 left on base; Pittsburgh 3 - St. Louis 2
BOTTOM OF THE 3RD
St. Louis Cardinals batting - Pitching for Pittsburgh Pirates : RHP Jose Vasquez
Batting: RHB Sixto Lezcano 0-0: Ball
1-0: Ball
2-0: Fly out, F9 (Line Drive, 9D, EV 91.9 MPH)
Batting: LHB Pat Putnam 0-0: Ball
1-0: Ball
2-0: Ball
3-0: Base on Balls
Batting: RHB Joe Torre 0-0: Foul Ball, location: 2F
0-1: Ball
1-1: Ball
2-1: Foul Ball, location: 2F
2-2: Ball
3-2: Foul Ball, location: 2F
3-2: Base on Balls
Pat Putnam to second
Batting: LHB Mike Davis 0-0: Ball
1-0: Foul Ball, location: 2F
1-1: Ball
2-1: Foul Ball, location: 2F
2-2: Foul Ball, location: 2F
2-2: SINGLE (Flyball, 7LS, EV 96.3 MPH)
Pat Putnam to third
Joe Torre to second
Batting: RHB Bob Watson 0-0: Called Strike
0-1: Fly out, F8 (Flyball, 8LXD, EV 82.5 MPH)
Runner from 3rd tags up, SCORES, no throw by CF
Batting: SHB Billy E Smith 0-0: Swinging Strike
0-1: Ball
1-1: 3-RUN HOME RUN (Flyball, 9D, EV 104.4 MPH), Distance : 378 ft
Batting: LHB Steve Carlton 0-0: SINGLE (Groundball, 4MD, EV 105.0 MPH)
Pitching: RHP Mike Smithson
Batting: SHB Otis Nixon 0-0: Foul Ball, location: 2F
0-1: Foul Ball, location: 2F
0-2: Ball
1-2: Fly out, F7 (Flyball, 78M, EV 91.9 MPH)
Bottom of the 3rd over - 4 runs, 3 hits, 0 errors, 1 left on base; Pittsburgh 3 - St. Louis 6
TOP OF THE 4TH
Pittsburgh Pirates batting - Pitching for St. Louis Cardinals : LHP Steve Carlton
Batting: LHB Robert Lopez 0-0: Called Strike
0-1: Swinging Strike
0-2: Foul Ball, location: 2F
0-2: Ball
1-2: Foul Ball, location: 2F
1-2: Strikes out swinging
Batting: LHB Greg Walker 0-0: Fly out, F5 (Popup, 56S, EV 76.3 MPH)
Batting: RHB Mike C Brown 0-0: Ball
1-0: Called Strike
1-1: Ball
2-1: Ball
3-1: Ground out 6-3 (Groundball, 6, EV 78.8 MPH)
Top of the 4th over - 0 runs, 0 hits, 0 errors, 0 left on base; Pittsburgh 3 - St. Louis 6
BOTTOM OF THE 4TH
St. Louis Cardinals batting - Pitching for Pittsburgh Pirates : RHP Mike Smithson
Batting: LHB Jim Gantner 0-0: Ground out 4-3 (Groundball, 4MD, EV 105.6 MPH)
Batting: RHB Sixto Lezcano 0-0: Ball
1-0: Foul Ball, location: 2F
1-1: Ball
2-1: SOLO HOME RUN (Flyball, 78XD, EV 95.0 MPH), Distance : 395 ft
Batting: LHB Pat Putnam 0-0: Ball
1-0: SINGLE (Groundball, 4MD, EV 101.3 MPH)
Batting: RHB Joe Torre 0-0: Called Strike
0-1: Ball
1-1: Fly out, F6 (Popup, 4M, EV 53.8 MPH)
Batting: LHB Mike Davis 0-0: Ball
1-0: Ball
2-0: Swinging Strike
2-1: 2-RUN HOME RUN (Line Drive, 9D, EV 100.6 MPH), Distance : 381 ft
Batting: RHB Bob Watson 0-0: Ball
1-0: Ball
2-0: Called Strike
2-1: DOUBLE (Flyball, 8RXD, EV 112.5 MPH)
Batting: SHB Billy E Smith 0-0: Called Strike
0-1: Ball
1-1: Swinging Strike
1-2: Ball
2-2: Foul Ball, location: 2F
2-2: Ball
3-2: Strikes out swinging
Bottom of the 4th over - 3 runs, 4 hits, 0 errors, 1 left on base; Pittsburgh 3 - St. Louis 9
TOP OF THE 5TH
Pittsburgh Pirates batting - Pitching for St. Louis Cardinals : LHP Steve Carlton
Batting: SHB John Shelby 0-0: Called Strike
0-1: SINGLE (Groundball, 6MD, EV 103.1 MPH)
Batting: SHB Ron Oester 0-0: Ball
1-0: Ball
2-0: Fly out, F7 (Flyball, 7, EV 81.3 MPH)
Batting: RHB Mike Smithson 0-0: Ball
1-0: Bunted foul
1-1: Sac Bunt to 3S - play at first, batter OUT! 3-4
John Shelby to second
Batting: RHB Dan Gladden 0-0: Called Strike
0-1: Ball
1-1: Swinging Strike
1-2: Strikes out swinging
Top of the 5th over - 0 runs, 1 hit, 0 errors, 1 left on base; Pittsburgh 3 - St. Louis 9
BOTTOM OF THE 5TH
St. Louis Cardinals batting - Pitching for Pittsburgh Pirates : RHP Mike Smithson
Batting: LHB Steve Carlton 0-0: Fly out, F6 (Flyball, 6D, EV 85.0 MPH)
Batting: SHB Otis Nixon 0-0: Ball
1-0: Ball
2-0: TRIPLE (Flyball, 8RXD, EV 98.1 MPH)
Batting: LHB Jim Gantner 0-0: Foul Ball, location: 2F
0-1: Ball
1-1: Ball
2-1: Fly out, F8 (Flyball, 8RM, EV 85.0 MPH)
Runner from 3rd tags up, OUT at HOME! 8-2
Bottom of the 5th over - 0 runs, 1 hit, 0 errors, 0 left on base; Pittsburgh 3 - St. Louis 9
TOP OF THE 6TH
Pittsburgh Pirates batting - Pitching for St. Louis Cardinals : LHP Steve Carlton
Batting: SHB Chili Davis 0-0: Swinging Strike
0-1: Ball
1-1: Ball
2-1: Called Strike
2-2: Foul Ball, location: 2F
2-2: Fly out, F8 (Flyball, 8RD, EV 78.8 MPH)
Batting: RHB Rennie Stennett 0-0: Fly out, F4 (Flyball, 4D, EV 88.8 MPH)
Batting: LHB Robert Lopez 0-0: Ball
1-0: Foul Ball, location: 2F
1-1: Fly out, F7 (Flyball, 7S, EV 90.0 MPH)
Top of the 6th over - 0 runs, 0 hits, 0 errors, 0 left on base; Pittsburgh 3 - St. Louis 9
BOTTOM OF THE 6TH
St. Louis Cardinals batting - Pitching for Pittsburgh Pirates : RHP Mike Smithson
Batting: RHB Sixto Lezcano 0-0: Called Strike
0-1: Foul Ball, location: 2F
0-2: Ground out 6-3 (Groundball, 6S, EV 86.3 MPH)
Batting: LHB Pat Putnam 0-0: Called Strike
0-1: Fly out, F9 (Flyball, 9, EV 90.6 MPH)
Batting: RHB Joe Torre 0-0: Called Strike
0-1: Fly out, F8 (Flyball, 89D, EV 100.6 MPH)
Bottom of the 6th over - 0 runs, 0 hits, 0 errors, 0 left on base; Pittsburgh 3 - St. Louis 9
TOP OF THE 7TH
Pittsburgh Pirates batting - Pitching for St. Louis Cardinals : LHP Steve Carlton
Batting: LHB Greg Walker 0-0: Ball
1-0: Called Strike
1-1: Ball
2-1: Fly out, F9 (Flyball, 89S, EV 75.6 MPH)
Batting: RHB Mike C Brown 0-0: Called Strike
0-1: Ball
1-1: SINGLE (Groundball, 56D, EV 95.6 MPH)
Batting: SHB John Shelby 0-0: Fly out, F7 (Flyball, 7LS, EV 85.6 MPH)
Batting: SHB Ron Oester 0-0: Ball
1-0: Foul Ball, location: 2F
1-1: Fly out, F8 (Flyball, 8RXD, EV 106.9 MPH)
Top of the 7th over - 0 runs, 1 hit, 0 errors, 1 left on base; Pittsburgh 3 - St. Louis 9
BOTTOM OF THE 7TH
St. Louis Cardinals batting - Pitching for Pittsburgh Pirates : RHP Mike Smithson
Batting: LHB Mike Davis 0-0: Reached on error, E6 (Groundball, 6MS, EV 68.1 MPH)
Batting: RHB Bob Watson 0-0: Single, Error in OF, E7, batter to second base (Groundball, 5D, EV 100.6 MPH)
Mike Davis to third
Batting: SHB Billy E Smith 0-0: Ball
1-0: Ground out 6-3 (Groundball, P, EV 91.9 MPH)
Mike Davis scores
Bob Watson to third
Batting: LHB Steve Carlton 0-0: Foul Ball, location: 2F
0-1: Ball
1-1: Ground out 5-3 (Groundball, 5, EV 83.1 MPH)
Pinch Hitting: RHB Brian Dayett 0-0: Ball
1-0: Ball
2-0: Foul Ball, location: 2F
2-1: Swinging Strike
2-2: Ball
3-2: Fly out, F3 (Flyball, 34D, EV 86.9 MPH)
Bottom of the 7th over - 1 run, 1 hit, 2 errors, 1 left on base; Pittsburgh 3 - St. Louis 10
TOP OF THE 8TH
Pittsburgh Pirates batting - Pitching for St. Louis Cardinals : LHP Steve Carlton
Now in LF: Pascual D'Annunzio
Pinch Hitting: LHB Terry Whitfield 0-0: SINGLE (Groundball, 34D, EV 103.8 MPH)
Pinch Hitting: LHB Alex Campos 0-0: Swinging Strike
0-1: Ball
1-1: Ball
2-1: Fly out, F4 (Popup, 4MD, EV 45.6 MPH)
Batting: SHB Chili Davis 0-0: Ball
1-0: Ball
2-0: Foul Ball, location: 2F
2-1: Ball
3-1: Grounds into double play, 6-4-3 (Groundball, 6, EV 83.1 MPH)
Top of the 8th over - 0 runs, 1 hit, 0 errors, 0 left on base; Pittsburgh 3 - St. Louis 10
BOTTOM OF THE 8TH
St. Louis Cardinals batting - Pitching for Pittsburgh Pirates : RHP Mike Smithson
Pitching: RHP Timnothy Milner
Now in LF: Alex Campos
Batting: LHB Jim Gantner 0-0: Ball
1-0: Ball
2-0: Called Strike
2-1: Ball
3-1: Base on Balls
Batting: RHB Sixto Lezcano 0-0: Ball
1-0: Ball
2-0: Called Strike
2-1: SINGLE (Groundball, 4MS, EV 66.9 MPH) (infield hit)
Jim Gantner to second
Batting: LHB Pat Putnam 0-0: Fielders Choice at 2nd, 6-4 (Groundball, 6, EV 82.5 MPH)
Jim Gantner to third
Batting: RHB Joe Torre 0-0: Grounds into double play, 3-6-3 (Groundball, 34, EV 85.0 MPH)
Bottom of the 8th over - 0 runs, 1 hit, 0 errors, 1 left on base; Pittsburgh 3 - St. Louis 10
TOP OF THE 9TH
Pittsburgh Pirates batting - Pitching for St. Louis Cardinals : LHP Steve Carlton
Pinch Hitting: RHB William Max 0-0: Called Strike
0-1: Called Strike
0-2: Strikes out swinging
Batting: LHB Robert Lopez 0-0: Called Strike
0-1: Fly out, F8 (Line Drive, 8LD, EV 98.1 MPH)
Pinch Hitting: LHB Craig Barnes 0-0: Called Strike
0-1: Ball
1-1: Called Strike
1-2: Ball
2-2: Strikes out looking
Top of the 9th over - 0 runs, 0 hits, 0 errors, 0 left on base; Pittsburgh 3 - St. Louis 10
Tuesday, July 21st, 2020 - OOTP Baseball 21.4 Build 63